Map: 环轨星港

Players

iGiA (iAsonu) - Winner!

  • Race: Zerg Zerg
  • League: Master

Gentleprobe (Cyan)

  • Race: Protoss Protoss
  • League: Master

Event: GPL 2015 - Grand Finals

VOD

Have the link to the VOD?

Description

Time

  • Played on: Jan. 9, 2016, 7:19 a.m.
  • Length: 14:44

All games in this series

Show
View Real Time Build Order
Export as new Build Order

iGiA Zerg - Winner!

Build Orders: Hatch First, Lurkers 

Get SALT Encoding   

  12  0:01  Drone  
  13  0:12  Overlord  
  13  0:16  Drone  
  14  0:30  Drone x2  
  14  0:34  Drone  
  17  0:45  Drone  
  18  0:54  Hatchery  
  17  0:57  Drone  
  18  1:11  Spawning Pool  
  18  1:12  Drone  
  18  1:34  Drone  
  18  1:35  Hatchery  
  18  1:38  Drone  
  19  1:44  Overlord  
  19  1:59  Queen  
  19  2:00  Zergling x2  
  22  2:06  Queen  
  22  2:08  Drone  
  25  2:12  Drone  
  25  2:15  Drone  
  27  2:17  Drone  
  27  2:22  Drone  
  29  2:29  Drone  
  30  2:34  Queen  
  32  2:42  Overlord  
  32  2:45  Drone x2  
  32  2:47  Drone  
  32  2:48  Queen  
  32  2:50  Drone  
  38  2:59  Extractor  
  38  3:00  Drone x2  
  38  3:01  Drone, Extractor  
  39  3:09  Drone x3  
  39  3:10  Zergling x4  
  39  3:12  Zergling x2  
  45  3:15  Zergling x4  
  47  3:23  Drone  
  47  3:24  Overlord  
  48  3:27  Drone  
  48  3:28  Drone  
  50  3:34  Overlord x2  
  50  3:40  Overlord  
  49  3:42  Drone  
  49  3:43  Drone x2  
  49  3:45  Drone  
  49  3:46  Drone  
  54  3:50  Lair  
  54  3:52  Drone  
  54  3:54  Drone  
  56  3:56  Drone  
  56  3:58  Drone  
  56  4:00  Drone  
  56  4:02  Drone x2  
  61  4:05  Metabolic Boost  
  61  4:07  Drone  
  62  4:10  Drone  
  62  4:12  Drone x2  
  62  4:15  Drone  
  62  4:16  Overlord  
  63  4:25  Drone  
  63  4:29  Drone  
  65  4:32  Overlord  
  65  4:35  Drone x2  
  65  4:38  Drone  
  66  4:39  Drone  
  66  4:41  Drone x2  
  66  4:43  Drone x2  
  66  4:45  Drone x2, Evolution Chamber  
  72  4:47  Drone x2  
  72  4:48  Drone  
  75  4:54  Hydralisk Den  
  75  4:55  Extractor  
  75  4:56  Extractor  
  75  4:58  Extractor  
  75  4:59  Overlord, Drone x2  
  73  5:00  Overlord, Overseer  
  73  5:01  Extractor  
  73  5:03  Zergling x4  
  73  5:04  Zergling x4  
  73  5:06  Drone x3  
  79  5:13  Zerg Missile Weapons Level 1  
  79  5:14  Drone x2  
  81  5:20  Zergling x2  
  81  5:21  Zergling x6  
  85  5:25  Hydralisk x3  
  91  5:31  Hatchery, Hydralisk x2  
  94  5:38  Hydralisk x2  
  95  5:50  Hydralisk  
  95  5:51  Hydralisk x3  
  95  5:53  Zergling x6  
  95  5:56  Zergling x8  
  105  6:02  Lurker Den  
  104  6:05  Overlord  
  104  6:06  Overlord  
  104  6:13  Overlord x2  
  104  6:20  Overlord x2  
  104  6:23  Overlord x2  
  104  6:25  Hydralisk x2  
  104  6:29  Hydralisk x3  
  113  6:37  Overlord  
  113  6:38  Overseer  
  113  6:42  Hydralisk x4  
  113  6:43  Hydralisk x2  
  125  6:58  Drone x2  
  125  6:59  Overlord  
  127  7:05  Hydralisk  
  127  7:06  Zergling x2  
  127  7:07  Zergling x10  
  131  7:09  Zerg Missile Weapons Level 2  
  132  7:15  Zergling x4  
  132  7:16  Zergling x12  
  139  7:27  Hydralisk  
  139  7:29  Lurker x5  
  146  7:30  Zergling x2  
  146  7:31  Zergling x14  
  146  7:37  Drone x3, Extractor  
  156  7:39  Lurker x2  
  156  7:43  Overlord  
  158  7:45  Overseer  
  158  7:48  Lurker  
  159  7:51  Hydralisk  
  159  7:57  Hydralisk  
  159  7:58  Hydralisk  
  149  8:02  Hydralisk  
  149  8:04  Zergling x6  
  149  8:08  Hydralisk  
  149  8:11  Hydralisk  
  134  8:13  Zergling x2  
  134  8:14  Zergling x14  
  134  8:16  Hydralisk  
  134  8:19  Hydralisk  
  123  8:23  Hydralisk  
  123  8:24  Zergling x4  
  120  8:29  Hydralisk  
  117  8:34  Zergling x2  
  117  8:38  Drone  
  117  8:40  Drone  
  117  8:41  Drone x2  
  117  8:46  Hydralisk x4  
  122  8:50  Hydralisk  
  124  8:56  Extractor  
  124  8:58  Hydralisk x3  
  124  9:00  Queen  
  124  9:02  Spine Crawler  
  130  9:04  Spine Crawler  
  130  9:07  Spore Crawler  
  128  9:10  Spore Crawler  
  128  9:11  Hydralisk x3  
  132  9:24  Hydralisk x3  
  135  9:33  Lurker x3  
  137  9:41  Zergling x2  
  137  9:42  Zergling x10  
  143  9:51  Drone x3  
  142  9:53  Drone  
  142  9:54  Hydralisk x6  
  142  9:58  Zergling x2  
  142  9:59  Zergling x10  
  161  10:06  Lurker x2  
  159  10:20  Lurker x3  
  159  10:28  Hydralisk x4  
  159  10:30  Zergling x10  
  159  10:35  Lurker  
  173  10:37  Zergling x4  
  173  10:41  Overlord x2  
  175  10:50  Overlord x2  
  170  11:07  Lurker x5  
  170  11:08  Lurker  
  170  11:09  Hydralisk  
  170  11:10  Hydralisk  
  171  11:13  Overlord  
  171  11:16  Zergling x22  
  179  11:23  Zergling x14  
  186  11:28  Hydralisk  
  186  11:29  Hydralisk x2  
  192  11:34  Drone, Hydralisk  
  192  11:40  Hydralisk  
  192  11:43  Hydralisk  
  192  11:44  Hydralisk x4  
  187  11:48  Hydralisk  
  148  12:04  Hydralisk x2  
  148  12:06  Hydralisk x2  
  148  12:07  Lurker x2  
  156  12:17  Drone, Hydralisk  
  145  12:24  Zergling x6  
  145  12:25  Hydralisk  
  145  12:31  Hydralisk x3  
  134  12:40  Hydralisk x2  
  134  12:42  Zergling x4  
  140  12:47  Hydralisk x3  
  138  12:58  Hydralisk  
  138  13:03  Hydralisk  
  136  13:15  Lurker  
  136  13:16  Lurker x3  
  127  13:20  Hydralisk  
  117  13:28  Overseer  
  117  13:30  Zergling x12  
  123  13:36  Hatchery  
  122  13:45  Zergling x14  
  129  13:51  Zergling x4  
  131  13:57  Lurker x3  
  131  14:02  Hydralisk  
  136  14:12  Hydralisk  
  136  14:15  Hydralisk  
  136  14:16  Hydralisk  
  125  14:20  Hydralisk  
Show
View Real Time Build Order
Export as new Build Order

Gentleprobe Protoss 

Build Orders: Nexus First 

Get SALT Encoding   

  12  0:01  Probe (Chrono Boost)  
  13  0:11  Probe (Chrono Boost)  
  14  0:19  Pylon  
  14  0:22  Probe (Chrono Boost)  
  15  0:37  Probe (Chrono Boost)  
  16  0:48  Probe (Chrono Boost)  
  17  0:57  Nexus  
  17  1:01  Probe (Chrono Boost)  
  18  1:12  Gateway  
  18  1:14  Probe (Chrono Boost)  
  19  1:19  Assimilator  
  19  1:25  Probe (Chrono Boost)  
  20  1:29  Assimilator  
  20  1:35  Probe (Chrono Boost)  
  21  1:43  Gateway  
  21  1:46  Probe (Chrono Boost)  
  22  1:56  Probe (Chrono Boost)  
  22  1:59  Cybernetics Core  
  23  2:09  Probe (Chrono Boost)  
  23  2:10  Probe (Chrono Boost)  
  25  2:20  Probe x2 (Chrono Boost)  
  27  2:30  Probe (Chrono Boost)  
  27  2:31  Probe (Chrono Boost)  
  27  2:35  Adept x2 (Chrono Boost)  
  27  2:36  Warp Gate  
  33  2:40  Pylon  
  33  2:41  Probe  
  33  2:42  Probe  
  35  2:53  Probe (Chrono Boost)  
  35  2:54  Probe (Chrono Boost)  
  37  3:05  Probe x2 (Chrono Boost)  
  39  3:13  Nexus  
  39  3:15  Probe (Chrono Boost)  
  39  3:16  Probe (Chrono Boost)  
  41  3:24  Pylon  
  41  3:25  Sentry x2  
  41  3:26  Probe (Chrono Boost)  
  46  3:42  Probe (Chrono Boost)  
  46  3:43  Mothership Core (Chrono Boost), Gateway  
  46  3:45  Gateway  
  49  3:50  Pylon  
  49  3:53  Probe (Chrono Boost)  
  50  3:57  Assimilator  
  50  3:59  Pylon, Assimilator  
  50  4:01  Probe (Chrono Boost)  
  51  4:03  Probe (Chrono Boost)  
  52  4:11  Probe (Chrono Boost)  
  52  4:14  Probe (Chrono Boost)  
  54  4:19  Pylon  
  54  4:22  Probe (Chrono Boost)  
  55  4:24  Probe (Chrono Boost)  
  55  4:25  Probe (Chrono Boost)  
  57  4:33  Stargate  
  57  4:37  Probe (Chrono Boost)  
  58  4:39  Stargate  
  58  4:41  Probe (Chrono Boost)  
  58  4:42  Pylon, Probe (Chrono Boost)  
  60  4:47  Adept x3  
  60  4:48  Pylon, Adept  
  60  4:52  Probe x2 (Chrono Boost)  
  70  4:54  Probe (Chrono Boost)  
  71  5:02  Probe (Chrono Boost)  
  71  5:03  Probe (Chrono Boost)  
  71  5:05  Probe (Chrono Boost)  
  74  5:07  Adept  
  74  5:08  Adept  
  74  5:13  Probe (Chrono Boost)  
  79  5:16  Pylon  
  79  5:17  Probe (Chrono Boost)  
  79  5:18  Robotics Facility  
  79  5:21  Phoenix (Chrono Boost)  
  82  5:22  Phoenix (Chrono Boost)  
  82  5:25  Probe  
  82  5:27  Probe  
  86  5:28  Probe  
  86  5:31  Assimilator  
  86  5:33  Assimilator  
  86  5:34  Twilight Council  
  87  5:37  Probe x2  
  87  5:38  Forge  
  87  5:40  Probe  
  90  5:43  Phoenix (Chrono Boost)  
  90  5:47  Phoenix (Chrono Boost)  
  90  5:49  Probe  
  95  5:53  Probe  
  86  6:02  Charge  
  80  6:04  Phoenix (Chrono Boost), Probe, Gateway  
  80  6:06  Gateway  
  80  6:08  Warp Prism (Chrono Boost)  
  80  6:09  Phoenix  
  87  6:11  Protoss Ground Weapons Level 1 (Chrono Boost)  
  87  6:14  Probe  
  88  6:19  Gateway  
  88  6:24  Gateway  
  88  6:27  Pylon  
  88  6:30  Pylon  
  88  6:32  Zealot  
  88  6:33  Zealot x2  
  88  6:38  Zealot  
  88  6:39  Pylon  
  96  6:46  Observer  
  97  6:50  Phoenix x2  
  101  6:56  Pylon  
  101  6:57  Zealot x3, Gateway  
  107  7:04  Templar Archives  
  107  7:07  Zealot x2, Observer  
  107  7:08  Zealot  
  114  7:21  Adept x2  
  114  7:22  Oracle, Adept  
  119  7:25  Adept x2  
  119  7:28  Adept x2  
  130  7:33  Photon Cannon  
  130  7:38  Photon Cannon  
  130  7:43  Zealot x4  
  138  7:49  Pylon  
  138  7:50  Immortal  
  134  8:12  Zealot x7  
  104  8:21  Zealot x2  
  104  8:23  Phoenix x2  
  102  8:29  Observer  
  102  8:33  Zealot  
  102  8:34  Zealot x4  
  107  8:42  Protoss Ground Weapons Level 2 (Chrono Boost)  
  107  8:45  Pylon x2  
  107  8:46  Pylon  
  107  8:47  Pylon  
  107  8:48  Pylon  
  108  9:04  High Templar x4  
  108  9:06  Nexus  
  108  9:07  Immortal (Chrono Boost)  
  108  9:08  Pylon  
  119  9:13  Adept x3  
  119  9:14  Adept  
  127  9:21  Archon x2  
  127  9:22  Zealot  
  129  9:31  Photon Cannon  
  129  9:34  Nexus  
  129  9:36  Photon Cannon  
  129  9:37  Pylon, High Templar x3  
  129  9:38  High Templar  
  137  9:39  Zealot  
  137  9:40  Mothership Core  
  137  9:42  Immortal (Chrono Boost), Archon x2  
  137  9:43  High Templar x2  
  147  9:58  Zealot x2, Archon  
  151  10:00  Zealot  
  153  10:10  Zealot x3  
  153  10:11  Robotics Bay, Robotics Facility  
  153  10:13  Zealot  
  161  10:17  Assimilator  
  161  10:19  Assimilator  
  161  10:24  Zealot x2  
  161  10:28  Psionic Storm  
  165  10:29  Pylon  
  165  10:31  Pylon  
  165  10:33  Pylon  
  165  10:46  Zealot  
  165  10:47  Zealot x6  
  179  11:03  Zealot x2  
  177  11:09  Zealot x3  
  167  11:16  Zealot  
  169  11:21  Disruptor (Chrono Boost)  
  169  11:25  Oracle  
  178  11:34  Zealot x5  
  178  11:35  Zealot x2  
  174  11:40  Zealot x9  
  171  12:02  Disruptor (Chrono Boost)  
  157  12:12  Zealot x6  
  157  12:13  Zealot x2  
  156  12:25  Phoenix x2  
  150  12:33  Observer (Chrono Boost)  
  102  12:42  High Templar  
  102  12:43  High Templar x2  
  102  12:51  Archon  
  101  12:52  Observer (Chrono Boost)  
  101  12:56  Gateway  
  102  13:02  Gateway x2  
  98  13:16  Immortal (Chrono Boost)  
  98  13:27  High Templar x2  
  102  13:37  Archon  
  102  13:40  Gateway x2  
  102  13:41  Pylon  
  102  13:56  Zealot  
  104  14:04  Zealot x4  
  112  14:13  Probe  
  91  14:20  Zealot  
  67  14:28  Zealot x4  
Tags
 
Add a new tag
Caveats
  • Supply blocks, unpowered buildings, or Contaminate may cause inaccurate times.
  • Supply counts are checked every 10 seconds.